 Dungeon Crawl Stone Soup version 0.29-a0-732-g3d7fbe0af2 (webtiles) character file.

Game seed: 2259346385148925735

98 Mgcat the Trooper (level 4, 0/49 HPs)
             Began as an Ogre Fighter on June 29, 2022.
             Slain by a quokka (1 damage)
             ... in a sewer.
             The game lasted 00:02:59 (2245 turns).

Mgcat the Trooper (Ogre Fighter)                    Turns: 2245, Time: 00:02:59

Health: 0/49       AC:  3    Str: 22    XL:     4   Next: 69%
Magic:  4/4        EV:  8    Int:  9    God:
Gold:   119        SH:  8    Dex:  8    Spells: 3/3 levels left

rFire   . . .      SeeInvis .   a - +0 war axe
rCold   . . .      Faith    .   c - +1 kite shield
rNeg    . . .      Spirit   .   b - +0 robe
rPois   +          Reflect  .   (helmet restricted)
rElec   .          Harm     .   (no cloak)
rCorr   .          Rampage  .   (gloves unavailable)
Will    .....                   (boots unavailable)
Stlth   +.........              (no amulet)
HPRegen 0.16/turn               j - ring of poison resistance {rPois, !d}
MPRegen 0.09/turn               (no ring)

@: mighty, mesmerised, invisible
A: large, unfitting armour, tough skin 1
a: no special abilities


You were in a sewer.
You visited 1 branch of the dungeon, and saw 3 of its levels.
You also visited: Sewer.

You collected 119 gold pieces.

Inventory:

Hand Weapons
 a - a +0 war axe (weapon)
Armour
 b - a +0 robe (worn)
 c - a +1 kite shield (worn)
Jewellery
 j - a ring of poison resistance (left hand) {rPois, !d}
   (You found it on level 1 of the Dungeon)
Scrolls
 m - a scroll of magic mapping {!r}
Potions
 e - a potion of invisibility
 l - a potion of brilliance {unknown}
 o - a potion of flight {unknown}
 p - a potion of haste {unknown}


   Skills:
 + Level 4.7 Fighting
 * Level 3.3 Axes
 + Level 3.2 Dodging
 + Level 3.5 Shields


You had 3 spell levels left.
You didn't know any spells.
Your spell library contained the following spells:

 Spells                   Type           Power      Damage    Failure   Level
 Gell's Gravitas          Tloc           0%         N/A       96%         3
 Lesser Beckoning         Tloc           0%         N/A       96%         3
 Teleport Other           Tloc           0%         N/A       96%         3


Dungeon Overview and Level Annotations

Branches:
Dungeon (3/15)              Sewer (1/1)

Altars:


Innate Abilities, Weirdness & Mutations

You are too large for most types of armour.
You have tough skin. (AC +1)


Message History

The rat moves out of view.
A sickly merfolk siren, a quokka and a rat come into view.
The sickly merfolk siren shouts!
The sickly merfolk siren chants a haunting song.
You easily resist.
The rat bites you.
A rat comes into view.
You take 1 damage, and have 48/49 hp.
You barely miss the rat. You closely miss the giant cockroach.
The giant cockroach closely misses you. The rat bites you but does no damage.
The giant cockroach bites you but does no damage.
You slash the rat!
You kill the rat!
You hit the giant cockroach. The giant cockroach bites you.
The sickly merfolk siren hits you from afar with a +0 spear!
The giant cockroach barely misses you.
The sickly merfolk siren chants a haunting song.
You resist with some effort.
You take 15 damage, and have 33/49 hp.
MASSIVE DAMAGE!!
The rat attacks as you move away! The rat closely misses you.
The giant cockroach attacks as you move away!
The giant cockroach bites you but does no damage.
The sickly merfolk siren chants a haunting song.
You are mesmerised by the sickly merfolk siren!
You cannot move away from the sickly merfolk siren!
You cannot move away from the sickly merfolk siren!
You cannot move away from the sickly merfolk siren!
Unknown command.
You fade into invisibility!
The rat closely misses you.
You feel very mighty all of a sudden.
The sickly merfolk siren hits you from afar with a +0 spear!!
* * * LOW HITPOINT WARNING * * *
The giant cockroach splashes around in the water.
You take 20 damage, and have 14/49 hp.
MASSIVE DAMAGE!!
Unknown command.
Unknown command.
Unknown command.
Unknown command.
You barely miss the giant cockroach.
The giant cockroach is severely wounded.
You barely miss the rat. You hit the quokka. You block the quokka's attack.
You block the giant cockroach's attack. The rat bites you.
* * * LOW HITPOINT WARNING * * *
You block the quokka's attack.
The giant cockroach bites you but does no damage.
You take 1 damage, and have 13/49 hp.
Unknown command.
Unknown command.
Unknown command.
Unknown command.
Unknown command.
You miss the quokka.
The quokka is severely wounded.
You completely miss the giant cockroach.
You hit the rat.
You kill the rat!
The sickly merfolk siren chants its luring song.
You block the quokka's attack. The giant cockroach barely misses you.
The sickly merfolk siren chants its luring song.
Unknown command.
Unknown command.
Unknown command.
Unknown command.
You closely miss the quokka.
The quokka is severely wounded.
You slash the giant cockroach!
You kill the giant cockroach!
The quokka barely misses you. x2
Unknown command.
Unknown command.
Unknown command.
You closely miss the quokka.
The quokka is severely wounded.
You slash the rat!
You kill the rat!
The quokka bites you but does no damage.
The sickly merfolk siren hits you from afar with a +0 spear!
* * * LOW HITPOINT WARNING * * *
The quokka bites you.
* * * LOW HITPOINT WARNING * * *
You block the sickly merfolk siren's attack.
You take 11 damage, and have 3/49 hp.
MASSIVE DAMAGE!!
Unknown command.
Unknown command.
Unknown command.
You closely miss the quokka.
The quokka is severely wounded.
The quokka bites you.
* * * LOW HITPOINT WARNING * * *
The sickly merfolk siren chants its luring song.
You take 2 damage, and have 1/49 hp.
Unknown command.
Unknown command.
Unknown command.
Unknown command.
It was a potion of berserk rage.
You are too mesmerised to rage.
The quokka barely misses you.
The sickly merfolk siren chants its luring song.
The quokka bites you.
You die...

###≈≈≈.##
#∩∩≈≈≈≈†.
######### ##
##########≈≈≈≈≈≈
#$$
#≈≈≈≈≈≈≈≈≈†≈≈≈≈.
..
###≈≈≈############
####≈###≈≈≈#†#
#≈≈≈≈≈≈†≈≈##.#
#≈≈≈≈rmr@..†.#
#≈≈≈...#######
≈≈≈...# ≈...## ###


You could see a sickly merfolk siren (mesmerising, can't see you), a quokka
(can't see you) and a rat (can't see you).

Vanquished Creatures
  3 gnolls
  An adder (D:2)
  2 dart slugs (D:2)
  3 bats
  6 endoplasms
  A giant cockroach (Sewer)
  5 goblins
  2 hobgoblins (D:1)
  5 jackals (D:2)
  3 kobolds
  A quokka (Sewer)
  5 ball pythons
  2 frilled lizards
  17 rats
56 creatures vanquished.

Notes
Turn   | Place    | Note
-------+----------+-------------------------------------------
     0 | D:1      | Mgcat the Ogre Fighter began the quest for the Orb.
     0 | D:1      | Reached XP level 1. HP: 24/24 MP: 1/1
    84 | D:1      | Reached XP level 2. HP: 29/32 MP: 2/2
   153 | D:1      | Found Vaiq's General Store.
   154 | D:1      | Found a faded altar of an unknown god.
   499 | D:1      | HP: 8/32 [kobold/+2 dagger of flaming (1)]
   806 | D:1      | Reached XP level 3. HP: 32/40 MP: 3/3
   996 | D:2      | Identified the +6 whip "Demonbane" {drain, Int+3}
  1032 | D:2      | Reached skill level 3 in Dodging
  1412 | D:2      | Reached skill level 3 in Axes
  1740 | D:2      | Reached XP level 4. HP: 18/49 MP: 4/4
  1990 | D:3      | Found a glowing drain.
  1995 | Sewer    | Entered a sewer
  2243 | Sewer    | HP: 4/49 [sickly merfolk siren/+0 spear (10)]
  2244 | Sewer    | HP: 1/49 [quokka (2)]
  2245 | Sewer    | Slain by a quokka

Illustrated notes

Levels and vault maps discovered:
D:1:      minmay_arrival_checkered_box, layout_rooms,
          hellmonk_ecumenical_altar_blasted, serial_shops, shop
D:2:      minmay_evil_eye, layout_rooms
D:3:      layout_basic, portal_sewer_entry_e
Sewer:    sewer_sea

Skill      XL: |  1  2  3 |
---------------+----------+-----
Dodging        | 3 |  3.2
Axes           | 3 |  3.3
Fighting       | |  4.7
Shields        | |  3.5

Action                   |  1- 3 |  4- 6 || total
-------------------------+-------+-------++-------
Melee: War axe           |   122 |    30 ||   152
  Use: Scroll            |       |     6 ||     6
       Potion            |       |     3 ||     3
Armor: Robe              |    38 |     9 ||    47
Dodge: Dodged            |    46 |    15 ||    61
Block: Kite shield       |    51 |    16 ||    67

Table legend: (Time is in decaauts)
 A = Elapsed time spent in this place.
 B = Non-inter-level travel time spent in this place.
 C = Inter-level travel time spent in this place.
 D = Time resting spent in this place.
 E = Time spent auto-exploring this place.
 F = Levels seen in this place.
 G = Mean time per level.
                   A        B        C        D        E       F      G
               +--------+--------+--------+--------+--------+-----+--------+
         Total |   2331 |   2301 |     30 |    345 |   1510 |   4 |  582.8 |
       Dungeon |   2059 |   2029 |     30 |    189 |   1460 |   3 |  686.3 |
         Sewer |    272 |    272 |      0 |    156 |     50 |   1 |  272.0 |
               +--------+--------+--------+--------+--------+-----+--------+

Top non-repeatable levels by time:
     D:2: 1090 daAuts
     D:1: 919 daAuts
   Sewer: 272 daAuts
     D:3: 49 daAuts

Table legend:
 A = Kills in this place as a percentage of kills in entire the game.
 B = Kills by you in this place as a percentage of kills by you in the entire game.
 C = Kills by friends in this place as a percentage of kills by friends in the entire game.
 D = Other kills in this place as a percentage of other kills in the entire game.
 E = Experience gained in this place as a percentage of experience gained in the entire game.
 F = Experience gained in this place divided by the number of levels of this place that you have seen.
                   A       B       C       D       E      F
               +-------+-------+-------+-------+-------+----------------------
         Total | 100.0 | 100.0 |   N/A |   N/A | 100.0 |  35.0
       Dungeon |  75.0 |  75.0 |   N/A |   N/A |  88.6 |  41.3
         Sewer |  25.0 |  25.0 |   N/A |   N/A |  11.4 |  16.0
               +-------+-------+-------+-------+-------+----------------------
